[ AOE2 MATCH · #477306893 ]
Team RMPersians vs Goths
[ REPLAY ANALYSIS · EXTRACTED FROM THE RECORDED GAME ]
Feudal
11:40
Castle
17:20
Imperial
32:11
| APM avg | 33.9 |
| APM peak | 78 |
| eAPM avg | 16.8 |
| Villagers / military | 136 / 90 |
Focus
⚔️ 19.0% · 🌾 81.0%
Cavalry Archer ×77 · Mangonel ×7 · Trebuchet (Packed) ×6
Feudal
10:59
Castle
16:21
Imperial
—
| APM avg | 25.2 |
| APM peak | 44 |
| eAPM avg | 14.7 |
| Villagers / military | 96 / 151 |
Focus
⚔️ 30.7% · 🌾 69.3%
Obuch ×83 · Skirmisher ×42 · Spearman ×13 · Cavalry Archer ×5 · Monk ×4 · Petard ×4
Feudal
12:10
Castle
16:01
Imperial
33:29
| APM avg | 40.4 |
| APM peak | 75 |
| eAPM avg | 15.7 |
| Villagers / military | 115 / 76 |
Focus
⚔️ 21.8% · 🌾 78.2%
Archer ×50 · War Wagon ×7 · Fire Lancer ×6 · Petard ×3 · Iron Pagoda ×3 · Trebuchet (Packed) ×3
Feudal
11:25
Castle
15:45
Imperial
30:52
| APM avg | 21.3 |
| APM peak | 49 |
| eAPM avg | 13.4 |
| Villagers / military | 175 / 68 |
Focus
⚔️ 16.1% · 🌾 83.9%
Elephant Archer ×52 · Hand Cannoneer ×10 · Trebuchet (Packed) ×6
Feudal
11:25
Castle
19:16
Imperial
35:49
| APM avg | 28.1 |
| APM peak | 57 |
| eAPM avg | 14.4 |
| Villagers / military | 105 / 87 |
Focus
⚔️ 31.9% · 🌾 68.1%
Huskarl ×72 · Spearman ×13 · Monk ×1 · Militia ×1
Feudal
11:15
Castle
15:35
Imperial
31:23
| APM avg | 44.2 |
| APM peak | 102 |
| eAPM avg | 20.0 |
| Villagers / military | 103 / 72 |
Focus
⚔️ 21.5% · 🌾 78.5%
Scout Cavalry ×35 · Conquistador ×11 · Knight ×10 · Spearman ×5 · Petard ×4 · Mangonel ×3
Match map
Initial resources + every placement click. Lines = walls · curves = elevation contours. ◆ gold · ⬟ stone · ● berries · ✦ relic · ◌ wall gap
Your base· ✓ Closed at 17:20 · 0t walls · 3 gate(s)
Karral's base· ✓ Closed at 16:21 · 0t walls · 2 gate(s)
Viejo inimputable's base· ✓ Closed at 16:01 · 0t walls · 2 gate(s)
iaa4e's base· ✓ Closed at 15:45 · 0t walls · 2 gate(s)
Jonito's base· ✓ Closed at 19:16 · 0t walls · 2 gate(s)
Carri's base· ✓ Closed at 15:35 · 0t walls · 3 gate(s)
Smoothed initial terrain · ◌ = detected wall gap · hover for details
Inputs per minute
— Dr_Oetker02 - - Karral
Build order — Dr_Oetker02
First 150 of 330 actions detected
| 0:01 | Create | Villager (Male) |
| 0:01 | Create | Villager (Male) |
| 0:02 | Build | House |
| 0:04 | Build | House |
| 0:40 | Create | Villager (Male) ×3 |
| 0:40 | Create | Villager (Male) ×3 |
| 1:23 | Create | Villager (Male) |
| 1:23 | Create | Villager (Male) |
| 2:24 | Create | Villager (Male) |
| 2:24 | Create | Villager (Male) |
| 2:36 | Build | House |
| 2:36 | Build | House |
| 2:40 | Create | Villager (Male) ×2 |
| 2:40 | Create | Villager (Male) ×2 |
| 3:28 | Create | Villager (Male) |
| 3:28 | Create | Villager (Male) |
| 3:57 | Create | Villager (Male) |
| 3:58 | Create | Villager (Male) |
| 4:20 | Build | Lumber Camp |
| 4:32 | Create | Villager (Male) |
| 4:33 | Create | Villager (Male) |
| 5:01 | Create | Villager (Male) |
| 5:02 | Create | Villager (Male) |
| 5:49 | Create | Villager (Male) ×3 |
| 5:49 | Create | Villager (Male) ×3 |
| 5:56 | Build | Mill |
| 7:13 | Create | Villager (Male) ×3 |
| 7:13 | Create | Villager (Male) ×3 |
| 7:53 | Create | Villager (Male) ×4 |
| 7:53 | Create | Villager (Male) ×4 |
| 8:29 | Create | Villager (Male) ×2 |
| 8:29 | Create | Villager (Male) ×2 |
| 8:36 | Build | House |
| 8:37 | Build | House |
| 8:55 | Build | Mining Camp |
| 9:08 | Create | Villager (Male) |
| 9:33 | Research | Feudal Age |
| 9:33 | Research | Feudal Age |
| 10:29 | Create | Villager (Male) |
| 10:29 | Create | Villager (Male) |
| 10:30 | Create | Villager (Male) |
| 11:17 | Build | Farm |
| 11:21 | Build | Farm |
| 11:25 | Build | Farm |
| 11:31 | Build | Farm |
| 11:40 | Age | Feudal Age |
| 11:43 | Create | Villager (Male) |
| 11:48 | Build | Blacksmith |
| 12:02 | Build | Market |
| 12:07 | Build | Farm |
| 12:11 | Build | Farm |
| 12:27 | Build | Mining Camp |
| 12:47 | Build | Farm |
| 12:55 | Create | Villager (Male) |
| 12:55 | Create | Villager (Male) |
| 12:58 | Build | Farm |
| 13:15 | Build | Farm |
| 13:30 | Build | Farm |
| 13:55 | Build | Farm |
| 14:03 | Create | Villager (Male) |
| 14:03 | Create | Villager (Male) |
| 14:09 | Build | Farm |
| 14:27 | Build | Farm |
| 14:30 | Build | Farm |
| 14:55 | Research | Castle Age |
| 14:55 | Research | Castle Age |
| 14:55 | Research | Castle Age |
| 15:37 | Build | House |
| 15:38 | Build | House |
| 15:41 | Build | House |
| 15:43 | Build | House |
| 15:46 | Build | House |
| 15:56 | Research | Horse Collar |
| 15:58 | Research | Double-Bit Axe |
| 16:05 | Build | Farm |
| 16:38 | Create | Villager (Male) |
| 16:38 | Create | Villager (Male) |
| 17:20 | Age | Castle Age |
| 17:25 | Build | Town Center |
| 17:38 | Create | Villager (Male) |
| 17:39 | Create | Villager (Male) |
| 18:09 | Build | Stone Wall |
| 18:21 | Build | Siege Workshop |
| 18:51 | Research | Loom |
| 18:58 | Research | Wheelbarrow |
| 19:02 | Create | Villager (Male) |
| 19:03 | Create | Villager (Male) |
| 19:15 | Build | Mining Camp |
| 19:22 | Create | Mangonel |
| 19:22 | Create | Mangonel |
| 19:48 | Build | Stone Wall |
| 20:01 | Build | Stone Wall |
| 20:09 | Build | Stone Wall |
| 20:10 | Build | Stone Wall |
| 20:11 | Build | Stone Wall |
| 20:13 | Build | Stone Wall |
| 20:24 | Build | Stone Wall |
| 20:26 | Build | Stone Wall |
| 20:29 | Research | Hand Cart |
| 20:36 | Create | Villager (Male) |
| 20:36 | Create | Villager (Male) |
| 20:36 | Create | Villager (Male) |
| 20:37 | Create | Villager (Male) |
| 20:58 | Create | Mangonel |
| 20:58 | Create | Mangonel |
| 20:58 | Create | Mangonel |
| 21:06 | Build | House |
| 21:11 | Build | House |
| 21:43 | Create | Villager (Male) |
| 21:43 | Create | Villager (Male) |
| 21:44 | Create | Villager (Male) |
| 21:44 | Create | Villager (Male) |
| 22:01 | Create | Mangonel |
| 22:02 | Create | Mangonel |
| 22:13 | Create | Villager (Male) |
| 22:13 | Create | Villager (Male) |
| 22:14 | Create | Villager (Male) |
| 22:14 | Create | Villager (Male) |
| 22:14 | Create | Villager (Male) |
| 22:15 | Create | Villager (Male) |
| 22:15 | Create | Villager (Male) |
| 22:15 | Create | Villager (Male) |
| 22:16 | Create | Villager (Male) |
| 22:26 | Research | Heavy Plow |
| 22:33 | Research | Gold Mining |
| 22:45 | Research | Stone Mining |
| 22:45 | Research | Stone Mining |
| 22:47 | Create | Villager (Male) |
| 22:47 | Create | Villager (Male) |
| 22:48 | Create | Villager (Male) |
| 22:48 | Create | Villager (Male) |
| 23:17 | Create | Villager (Male) |
| 23:17 | Create | Villager (Male) |
| 23:18 | Create | Villager (Male) |
| 23:18 | Create | Villager (Male) |
| 23:54 | Create | Villager (Male) |
| 23:55 | Create | Villager (Male) |
| 23:55 | Create | Villager (Male) |
| 24:02 | Build | Farm |
| 24:02 | Build | Farm |
| 24:02 | Build | Farm |
| 24:03 | Build | Farm |
| 24:03 | Build | Farm |
| 24:04 | Build | Farm |
| 24:04 | Build | Farm |
| 24:04 | Build | Farm |
| 24:05 | Build | Farm |
| 24:06 | Build | Farm |
| 24:06 | Build | Farm |
| 24:06 | Build | Farm |
Build order — Karral
First 150 of 289 actions detected
| 0:01 | Research | Loom |
| 0:02 | Create | Villager (Male) |
| 0:02 | Create | Villager (Male) |
| 0:02 | Create | Villager (Male) |
| 0:05 | Build | House |
| 0:10 | Build | House |
| 0:11 | Build | House |
| 0:57 | Create | Villager (Male) |
| 0:57 | Create | Villager (Male) |
| 1:57 | Create | Villager (Male) |
| 1:57 | Create | Villager (Male) |
| 2:26 | Create | Villager (Male) |
| 2:27 | Create | Villager (Male) |
| 2:47 | Create | Villager (Male) |
| 2:47 | Create | Villager (Male) |
| 3:00 | Create | Villager (Male) |
| 3:00 | Create | Villager (Male) |
| 3:40 | Create | Villager (Male) |
| 3:41 | Create | Villager (Male) |
| 3:41 | Create | Villager (Male) |
| 3:45 | Build | Lumber Camp |
| 4:24 | Create | Villager (Male) |
| 4:24 | Create | Villager (Male) |
| 5:03 | Create | Villager (Male) ×2 |
| 5:56 | Create | Villager (Male) |
| 5:56 | Create | Villager (Male) |
| 6:26 | Build | House |
| 6:43 | Create | Villager (Male) |
| 6:44 | Create | Villager (Male) |
| 6:50 | Build | Mill |
| 6:56 | Create | Villager (Male) |
| 7:33 | Create | Villager (Male) |
| 8:03 | Build | Mining Camp |
| 8:50 | Research | Feudal Age |
| 8:58 | Build | House |
| 9:00 | Build | House |
| 9:39 | Build | Farm |
| 9:47 | Build | Farm |
| 9:51 | Build | Farm |
| 9:55 | Build | Farm |
| 10:02 | Build | Farm |
| 10:06 | Create | Villager (Male) |
| 10:06 | Create | Villager (Male) |
| 10:06 | Create | Villager (Male) |
| 10:07 | Create | Villager (Male) |
| 10:59 | Age | Feudal Age |
| 11:02 | Build | Market |
| 11:12 | Create | Villager (Male) |
| 11:28 | Build | Blacksmith |
| 11:47 | Build | House |
| 11:50 | Build | House |
| 12:06 | Create | Villager (Male) |
| 12:36 | Build | Mining Camp |
| 13:41 | Research | Castle Age |
| 13:42 | Research | Castle Age |
| 14:14 | Build | Barracks |
| 14:21 | Research | Double-Bit Axe |
| 14:22 | Research | Double-Bit Axe |
| 14:36 | Research | Horse Collar |
| 14:37 | Research | Horse Collar |
| 15:02 | Create | Spearman |
| 15:02 | Create | Spearman |
| 15:40 | Create | Spearman |
| 16:21 | Age | Castle Age |
| 16:56 | Create | Spearman |
| 16:56 | Create | Spearman |
| 16:57 | Create | Villager (Male) |
| 16:57 | Create | Villager (Male) |
| 16:57 | Create | Villager (Male) |
| 17:04 | Build | Archery Range |
| 17:05 | Build | Archery Range |
| 17:08 | Create | Villager (Male) |
| 17:36 | Create | Villager (Male) |
| 17:43 | Build | Town Center |
| 17:58 | Create | Villager (Male) |
| 18:08 | Create | Skirmisher |
| 18:08 | Create | Skirmisher |
| 18:12 | Create | Cavalry Archer |
| 18:12 | Create | Cavalry Archer |
| 18:23 | Build | Farm |
| 18:40 | Create | Skirmisher |
| 18:40 | Create | Skirmisher |
| 18:45 | Create | Villager (Male) |
| 18:45 | Create | Villager (Male) |
| 18:55 | Create | Villager (Male) |
| 18:55 | Create | Villager (Male) |
| 19:05 | Build | Farm |
| 19:11 | Build | Farm |
| 19:34 | Research | Elite Skirmisher (upgrade) |
| 19:41 | Create | Villager (Male) |
| 19:41 | Create | Villager (Male) |
| 19:45 | Create | Villager (Male) |
| 19:45 | Create | Villager (Male) |
| 19:46 | Create | Villager (Male) |
| 20:09 | Build | Monastery |
| 20:18 | Create | Skirmisher |
| 20:18 | Create | Skirmisher |
| 20:19 | Create | Skirmisher |
| 20:21 | Create | Skirmisher |
| 20:21 | Create | Skirmisher |
| 20:41 | Create | Skirmisher |
| 20:41 | Create | Skirmisher |
| 21:03 | Create | Monk |
| 21:03 | Create | Monk |
| 21:26 | Create | Skirmisher |
| 21:26 | Create | Skirmisher |
| 21:47 | Build | Castle |
| 22:27 | Create | Skirmisher |
| 22:27 | Create | Skirmisher |
| 23:06 | Create | Skirmisher |
| 23:06 | Create | Skirmisher |
| 23:06 | Create | Skirmisher |
| 23:24 | Build | Gate |
| 23:55 | Build | Mill |
| 23:58 | Build | Farm |
| 24:00 | Build | Farm |
| 24:01 | Build | Farm |
| 24:02 | Build | Farm |
| 24:13 | Create | Villager (Male) |
| 24:14 | Create | Villager (Male) |
| 24:14 | Create | Villager (Male) |
| 24:17 | Create | Cavalry Archer |
| 24:29 | Create | Villager (Male) |
| 24:38 | Build | Town Center |
| 24:56 | Create | Skirmisher |
| 24:56 | Create | Skirmisher |
| 25:01 | Build | House |
| 25:02 | Build | House |
| 25:05 | Create | Skirmisher |
| 25:05 | Create | Skirmisher |
| 25:05 | Create | Skirmisher |
| 25:13 | Create | Villager (Male) |
| 25:20 | Build | Farm |
| 25:29 | Create | Villager (Male) |
| 25:30 | Create | Villager (Male) |
| 25:42 | Build | Farm |
| 25:43 | Build | Farm |
| 25:45 | Build | Farm |
| 25:57 | Create | Petard |
| 25:58 | Create | Petard |
| 26:00 | Create | Petard |
| 26:00 | Create | Petard |
| 26:12 | Create | Cavalry Archer |
| 26:12 | Create | Cavalry Archer |
| 26:24 | Build | Farm |
| 26:26 | Create | Villager (Male) |
| 26:26 | Create | Villager (Male) |
| 26:29 | Create | Villager (Male) |
| 26:29 | Create | Villager (Male) |
| 26:52 | Build | Lumber Camp |
Build order — Viejo inimputable
First 150 of 306 actions detected
| 0:01 | Create | Villager (Male) |
| 0:02 | Create | Villager (Male) |
| 0:03 | Build | House |
| 0:04 | Build | House |
| 0:37 | Create | Villager (Male) |
| 0:38 | Create | Villager (Male) |
| 0:38 | Create | Villager (Male) |
| 1:31 | Create | Villager (Male) |
| 1:31 | Create | Villager (Male) |
| 1:46 | Build | Lumber Camp |
| 2:02 | Create | Villager (Male) |
| 2:27 | Create | Villager (Male) |
| 2:27 | Create | Villager (Male) |
| 3:03 | Create | Villager (Male) |
| 3:29 | Create | Villager (Male) |
| 3:32 | Build | House |
| 4:26 | Build | House |
| 4:35 | Create | Villager (Male) |
| 4:35 | Create | Villager (Male) |
| 4:54 | Create | Villager (Male) |
| 5:00 | Build | Mill |
| 5:20 | Create | Villager (Male) |
| 5:20 | Create | Villager (Male) |
| 5:21 | Create | Villager (Male) |
| 6:01 | Create | Villager (Male) |
| 6:10 | Create | Villager (Male) |
| 6:10 | Create | Villager (Male) |
| 6:36 | Create | Villager (Male) |
| 6:47 | Create | Villager (Male) |
| 6:48 | Create | Villager (Male) |
| 7:18 | Build | Farm |
| 7:24 | Create | Villager (Male) |
| 7:28 | Build | Farm |
| 7:35 | Build | Farm |
| 8:23 | Build | Mining Camp |
| 8:25 | Create | Villager (Male) |
| 8:25 | Create | Villager (Male) |
| 8:25 | Create | Villager (Male) |
| 9:21 | Research | Feudal Age |
| 10:07 | Build | House |
| 10:45 | Build | House |
| 12:10 | Age | Feudal Age |
| 12:17 | Build | Market |
| 12:23 | Build | Blacksmith |
| 12:29 | Create | Villager (Male) |
| 12:30 | Create | Villager (Male) |
| 12:43 | Build | Mining Camp |
| 13:21 | Research | Castle Age |
| 13:21 | Research | Loom |
| 13:42 | Create | Villager (Male) |
| 14:13 | Create | Villager (Male) |
| 14:29 | Build | Barracks |
| 14:40 | Research | Double-Bit Axe |
| 15:28 | Create | Villager (Male) |
| 15:44 | Create | Spearman |
| 15:57 | Create | Villager (Male) |
| 15:57 | Create | Villager (Male) |
| 16:01 | Age | Castle Age |
| 16:10 | Build | Castle |
| 16:18 | Create | Fire Lancer |
| 16:18 | Create | Fire Lancer |
| 16:25 | Create | Villager (Male) |
| 17:13 | Build | Mining Camp |
| 17:39 | Create | Villager (Male) |
| 18:09 | Build | Siege Workshop |
| 18:19 | Create | Fire Lancer |
| 18:19 | Create | Fire Lancer |
| 18:26 | Create | Villager (Male) |
| 18:27 | Create | Villager (Male) |
| 18:36 | Create | War Wagon |
| 18:47 | Create | Fire Lancer |
| 19:09 | Create | Fire Lancer |
| 19:37 | Create | Iron Pagoda |
| 19:42 | Create | Petard |
| 19:43 | Create | Petard |
| 19:49 | Create | Villager (Male) |
| 19:53 | Build | Farm |
| 19:53 | Build | Farm |
| 20:06 | Create | Petard |
| 20:15 | Build | House |
| 20:16 | Build | House |
| 20:20 | Create | Villager (Male) |
| 20:20 | Create | Villager (Male) |
| 21:40 | Create | Villager (Male) |
| 21:41 | Create | Villager (Male) |
| 21:48 | Build | Town Center |
| 21:54 | Build | Town Center |
| 22:06 | Create | Villager (Male) |
| 22:20 | Build | Farm |
| 22:40 | Create | Villager (Male) |
| 22:40 | Create | Villager (Male) |
| 23:10 | Create | Villager (Male) |
| 23:49 | Create | Iron Pagoda |
| 23:51 | Create | Villager (Male) |
| 23:51 | Create | Villager (Male) |
| 23:52 | Create | Villager (Male) |
| 23:56 | Build | Farm |
| 23:56 | Build | Farm |
| 23:56 | Build | Farm |
| 23:57 | Build | Farm |
| 23:57 | Build | Farm |
| 23:57 | Build | Farm |
| 24:16 | Create | War Wagon |
| 24:18 | Create | Villager (Male) |
| 25:17 | Create | Villager (Male) |
| 25:20 | Create | Villager (Male) |
| 25:21 | Create | Villager (Male) |
| 25:21 | Create | Villager (Male) |
| 25:29 | Build | Farm |
| 25:30 | Build | Farm |
| 25:30 | Build | Farm |
| 25:30 | Build | Farm |
| 25:31 | Build | Farm |
| 25:31 | Build | Farm |
| 25:40 | Create | Villager (Male) |
| 25:40 | Create | Villager (Male) |
| 25:46 | Build | Farm |
| 26:57 | Create | Battering Ram |
| 27:00 | Create | Iron Pagoda |
| 27:06 | Create | Villager (Male) |
| 27:06 | Create | Villager (Male) |
| 27:07 | Create | Villager (Male) |
| 27:07 | Create | Villager (Male) |
| 27:11 | Build | Farm |
| 27:11 | Build | Farm |
| 27:11 | Build | Farm |
| 27:11 | Build | Farm |
| 27:11 | Build | Farm |
| 27:12 | Build | Farm |
| 27:18 | Research | Horse Collar |
| 27:23 | Build | Lumber Camp |
| 27:25 | Create | Villager (Male) |
| 27:25 | Create | Villager (Male) |
| 27:25 | Create | Villager (Male) |
| 27:26 | Create | Villager (Male) |
| 28:31 | Create | Villager (Male) |
| 28:34 | Research | Wheelbarrow |
| 28:36 | Create | Villager (Male) |
| 28:36 | Create | Villager (Male) |
| 28:36 | Create | Villager (Male) |
| 28:54 | Create | War Wagon |
| 28:55 | Create | Villager (Male) |
| 28:55 | Create | Villager (Male) |
| 28:59 | Build | Farm |
| 29:00 | Build | Farm |
| 29:00 | Build | Farm |
| 29:00 | Build | Farm |
| 29:00 | Build | Farm |
| 29:01 | Build | Farm |
| 30:10 | Build | Outpost |
Build order — iaa4e
First 150 of 376 actions detected
| 0:01 | Create | Villager (Male) |
| 0:02 | Create | Villager (Male) |
| 0:03 | Build | House |
| 0:04 | Build | House |
| 0:04 | Create | Villager (Male) |
| 0:05 | Create | Villager (Male) |
| 0:05 | Create | Villager (Male) |
| 1:42 | Create | Villager (Male) |
| 2:07 | Create | Villager (Male) |
| 2:15 | Build | Lumber Camp |
| 2:30 | Create | Villager (Male) |
| 2:56 | Create | Villager (Male) |
| 3:23 | Create | Villager (Male) |
| 3:34 | Build | House |
| 3:58 | Create | Villager (Male) |
| 3:58 | Create | Villager (Male) |
| 4:27 | Build | Mill |
| 5:04 | Create | Villager (Male) |
| 5:04 | Create | Villager (Male) |
| 5:33 | Create | Villager (Male) |
| 5:55 | Create | Villager (Male) |
| 6:26 | Create | Villager (Male) |
| 6:51 | Create | Villager (Male) |
| 7:05 | Build | House |
| 7:32 | Create | Villager (Male) |
| 7:49 | Create | Villager (Male) |
| 8:25 | Create | Villager (Male) |
| 8:27 | Create | Villager (Male) |
| 8:28 | Research | Feudal Age |
| 9:14 | Build | Mill |
| 9:26 | Build | Mining Camp |
| 9:35 | Create | Villager (Male) |
| 9:40 | Create | Villager (Male) |
| 9:48 | Create | Villager (Male) |
| 10:04 | Build | House |
| 10:10 | Build | Farm |
| 10:19 | Build | Farm |
| 10:21 | Build | Farm |
| 10:28 | Build | Farm |
| 11:03 | Build | Farm |
| 11:25 | Age | Feudal Age |
| 11:54 | Build | Blacksmith |
| 11:59 | Build | Market |
| 12:00 | Create | Villager (Male) |
| 12:15 | Build | Farm |
| 12:55 | Research | Castle Age |
| 13:06 | Build | Farm |
| 13:09 | Build | Farm |
| 13:21 | Create | Villager (Male) |
| 13:30 | Build | House |
| 13:56 | Build | House |
| 14:03 | Research | Double-Bit Axe |
| 15:45 | Age | Castle Age |
| 15:48 | Build | Town Center |
| 16:04 | Build | Town Center |
| 16:07 | Create | Villager (Male) |
| 16:14 | Create | Villager (Male) |
| 16:16 | Research | Bow Saw |
| 16:37 | Create | Villager (Male) |
| 17:02 | Create | Villager (Male) |
| 17:31 | Create | Villager (Male) |
| 17:34 | Create | Villager (Male) |
| 17:35 | Create | Villager (Male) |
| 17:38 | Create | Villager (Male) |
| 17:38 | Create | Villager (Male) |
| 17:46 | Build | Farm |
| 17:46 | Build | Farm |
| 17:46 | Build | Farm |
| 17:46 | Build | Farm |
| 17:47 | Build | Farm |
| 17:47 | Build | Farm |
| 17:47 | Build | Farm |
| 17:54 | Build | Farm |
| 17:54 | Build | Farm |
| 17:55 | Build | Farm |
| 17:55 | Build | Farm |
| 18:04 | Create | Villager (Male) |
| 18:18 | Create | Villager (Male) |
| 18:18 | Create | Villager (Male) |
| 18:28 | Build | Farm |
| 18:29 | Research | Loom |
| 18:31 | Build | Farm |
| 18:34 | Build | Farm |
| 18:37 | Create | Villager (Male) |
| 18:46 | Build | Farm |
| 18:46 | Build | Farm |
| 18:46 | Build | Farm |
| 18:47 | Build | Farm |
| 18:47 | Build | Farm |
| 18:53 | Create | Villager (Male) |
| 18:53 | Create | Villager (Male) |
| 19:18 | Create | Villager (Male) |
| 19:26 | Build | Farm |
| 19:28 | Research | Horse Collar |
| 19:31 | Create | Villager (Male) |
| 19:39 | Build | House |
| 19:41 | Build | House |
| 19:42 | Build | House |
| 19:42 | Build | House |
| 19:47 | Create | Villager (Male) |
| 19:53 | Research | Wheelbarrow |
| 19:58 | Build | Farm |
| 20:11 | Create | Villager (Male) |
| 20:21 | Create | Villager (Male) |
| 20:23 | Build | Farm |
| 20:27 | Build | Farm |
| 20:28 | Create | Villager (Male) |
| 20:32 | Create | Villager (Male) |
| 20:47 | Create | Villager (Male) |
| 20:53 | Create | Villager (Male) |
| 21:24 | Create | Villager (Male) |
| 21:29 | Create | Villager (Male) |
| 21:41 | Create | Villager (Male) |
| 21:48 | Create | Villager (Male) |
| 21:50 | Research | Hand Cart |
| 21:57 | Build | Barracks |
| 22:00 | Create | Villager (Male) |
| 22:16 | Create | Villager (Male) |
| 22:20 | Create | Villager (Male) |
| 22:26 | Create | Villager (Male) |
| 22:35 | Build | Siege Workshop |
| 22:36 | Create | Villager (Male) |
| 22:41 | Create | Villager (Male) |
| 22:51 | Build | Archery Range |
| 22:54 | Create | Villager (Male) |
| 22:56 | Create | Villager (Male) |
| 22:57 | Create | Villager (Male) |
| 23:03 | Build | House |
| 23:05 | Build | House |
| 23:07 | Build | House |
| 23:08 | Build | House |
| 23:09 | Create | Villager (Male) |
| 23:09 | Create | Villager (Male) |
| 23:13 | Create | Villager (Male) |
| 23:20 | Create | Villager (Male) |
| 23:29 | Create | Villager (Male) |
| 23:35 | Build | House |
| 23:37 | Build | House |
| 23:39 | Create | Elephant Archer |
| 23:40 | Create | Elephant Archer |
| 23:42 | Create | Villager (Male) |
| 23:47 | Build | Farm |
| 23:48 | Create | Villager (Male) |
| 23:50 | Create | Villager (Male) |
| 23:51 | Create | Villager (Male) |
| 23:54 | Build | Farm |
| 23:54 | Build | Farm |
| 23:55 | Build | Farm |
| 23:55 | Build | Farm |
| 23:55 | Build | Farm |
Build order — Jonito
First 150 of 316 actions detected
| 0:01 | Create | Villager (Male) |
| 0:01 | Create | Villager (Male) |
| 0:01 | Create | Villager (Male) |
| 0:02 | Create | Villager (Male) |
| 0:02 | Create | Villager (Male) |
| 0:09 | Build | House |
| 0:10 | Build | House |
| 1:37 | Create | Villager (Male) |
| 1:38 | Create | Villager (Male) |
| 2:00 | Build | Lumber Camp |
| 2:20 | Create | Villager (Male) |
| 2:21 | Create | Villager (Male) |
| 2:23 | Create | Villager (Male) |
| 2:24 | Create | Villager (Male) |
| 3:21 | Create | Villager (Male) |
| 3:21 | Create | Villager (Male) |
| 4:00 | Create | Villager (Male) |
| 4:01 | Create | Villager (Male) |
| 4:29 | Build | House |
| 4:35 | Build | House |
| 5:27 | Create | Villager (Male) |
| 5:27 | Create | Villager (Male) |
| 5:27 | Create | Villager (Male) |
| 5:28 | Create | Villager (Male) |
| 5:45 | Build | Mill |
| 6:35 | Create | Villager (Male) |
| 6:35 | Create | Villager (Male) |
| 6:35 | Create | Villager (Male) |
| 6:35 | Create | Villager (Male) |
| 6:36 | Create | Villager (Male) |
| 9:15 | Research | Feudal Age |
| 10:04 | Build | Barracks |
| 11:04 | Build | House |
| 11:23 | Create | Villager (Male) |
| 11:23 | Create | Villager (Male) |
| 11:23 | Create | Villager (Male) |
| 11:24 | Create | Villager (Male) |
| 11:25 | Age | Feudal Age |
| 11:59 | Build | Lumber Camp |
| 12:08 | Build | Farm |
| 12:08 | Build | Farm |
| 12:09 | Build | Farm |
| 12:09 | Build | Farm |
| 12:10 | Build | Farm |
| 12:36 | Build | Lumber Camp |
| 12:46 | Build | Mining Camp |
| 12:49 | Create | Villager (Male) |
| 12:54 | Research | Double-Bit Axe |
| 12:57 | Research | Horse Collar |
| 13:08 | Build | Farm |
| 13:26 | Research | Gold Mining |
| 13:51 | Create | Villager (Male) |
| 13:52 | Create | Villager (Male) |
| 13:59 | Build | Farm |
| 14:14 | Build | Blacksmith |
| 14:23 | Build | Farm |
| 14:47 | Create | Villager (Male) |
| 15:12 | Create | Villager (Male) |
| 15:12 | Create | Villager (Male) |
| 15:29 | Build | House |
| 15:35 | Build | House |
| 15:47 | Build | Farm |
| 15:59 | Build | Market |
| 16:14 | Build | Farm |
| 16:26 | Research | Loom |
| 16:36 | Research | Castle Age |
| 17:57 | Build | Mining Camp |
| 18:46 | Build | Farm |
| 18:47 | Build | Farm |
| 18:48 | Build | Farm |
| 18:49 | Build | Farm |
| 19:02 | Research | Stone Mining |
| 19:05 | Create | Villager (Male) |
| 19:05 | Create | Villager (Male) |
| 19:06 | Create | Villager (Male) |
| 19:16 | Age | Castle Age |
| 19:38 | Build | Town Center |
| 19:49 | Build | Town Center |
| 20:02 | Create | Villager (Male) |
| 20:26 | Research | Squires |
| 20:35 | Research | Scale Mail Armor |
| 20:53 | Create | Villager (Male) |
| 20:54 | Create | Villager (Male) |
| 20:54 | Create | Villager (Male) |
| 21:10 | Build | Farm |
| 21:11 | Build | Farm |
| 21:12 | Build | Farm |
| 21:12 | Build | Farm |
| 21:27 | Build | Farm |
| 21:28 | Build | Farm |
| 21:29 | Build | Farm |
| 21:30 | Build | Farm |
| 21:45 | Create | Villager (Male) |
| 21:46 | Create | Villager (Male) |
| 21:46 | Create | Villager (Male) |
| 21:47 | Create | Villager (Male) |
| 21:47 | Create | Villager (Male) |
| 21:47 | Create | Villager (Male) |
| 21:48 | Create | Villager (Male) |
| 21:49 | Create | Villager (Male) |
| 22:00 | Research | Bow Saw |
| 22:06 | Research | Heavy Plow |
| 22:37 | Build | Farm |
| 22:41 | Build | Farm |
| 23:04 | Research | Stone Shaft Mining |
| 23:09 | Create | Villager (Male) |
| 23:10 | Create | Villager (Male) |
| 23:10 | Create | Villager (Male) |
| 23:10 | Create | Villager (Male) |
| 23:10 | Create | Villager (Male) |
| 23:11 | Create | Villager (Male) |
| 23:11 | Create | Villager (Male) |
| 23:11 | Create | Villager (Male) |
| 23:11 | Create | Villager (Male) |
| 23:12 | Create | Villager (Male) |
| 23:41 | Build | House |
| 23:42 | Build | House |
| 23:54 | Build | House |
| 23:55 | Build | House |
| 23:56 | Build | House |
| 24:07 | Build | House |
| 24:08 | Build | House |
| 24:09 | Build | House |
| 24:12 | Create | Villager (Male) |
| 24:12 | Create | Villager (Male) |
| 24:12 | Create | Villager (Male) |
| 24:12 | Create | Villager (Male) |
| 24:13 | Create | Villager (Male) |
| 24:13 | Create | Villager (Male) |
| 24:15 | Create | Villager (Male) |
| 24:16 | Create | Villager (Male) |
| 24:16 | Create | Villager (Male) |
| 24:17 | Create | Villager (Male) |
| 24:36 | Build | Barracks |
| 25:06 | Build | House |
| 25:07 | Build | House |
| 25:09 | Build | House |
| 25:31 | Build | Monastery |
| 25:50 | Build | Farm |
| 26:06 | Build | Farm |
| 26:12 | Create | Villager (Male) |
| 26:12 | Create | Villager (Male) |
| 26:12 | Create | Villager (Male) |
| 26:18 | Create | Monk |
| 26:26 | Build | Farm |
| 26:47 | Build | House |
| 26:49 | Build | House |
| 26:50 | Build | House |
| 26:55 | Research | Pikeman (upgrade) |
| 27:19 | Create | Villager (Male) |
Build order — Carri
First 150 of 257 actions detected
| 0:02 | Create | Villager (Male) |
| 0:02 | Create | Villager (Male) |
| 0:03 | Create | Villager (Male) |
| 0:04 | Build | House |
| 0:05 | Build | House |
| 0:11 | Create | Villager (Male) |
| 1:40 | Create | Villager (Male) |
| 1:48 | Build | Lumber Camp |
| 2:10 | Create | Villager (Male) |
| 2:31 | Create | Villager (Male) |
| 3:08 | Create | Villager (Male) |
| 3:34 | Create | Villager (Male) |
| 4:02 | Create | Villager (Male) |
| 4:13 | Build | Mill |
| 4:19 | Create | Villager (Male) |
| 4:27 | Build | House |
| 4:48 | Create | Villager (Male) |
| 4:58 | Create | Villager (Male) |
| 5:15 | Create | Villager (Male) |
| 6:02 | Create | Villager (Male) |
| 6:11 | Build | House |
| 6:27 | Create | Villager (Male) |
| 6:36 | Build | Mining Camp |
| 6:56 | Create | Villager (Male) |
| 7:18 | Create | Villager (Male) |
| 7:24 | Build | Farm |
| 7:27 | Build | Farm |
| 7:32 | Create | Villager (Male) |
| 7:50 | Build | Mining Camp |
| 8:15 | Create | Villager (Male) |
| 8:23 | Create | Villager (Male) |
| 9:02 | Research | Feudal Age |
| 9:52 | Build | House |
| 10:42 | Create | Villager (Male) |
| 10:56 | Build | Farm |
| 11:15 | Age | Feudal Age |
| 11:19 | Create | Villager (Male) |
| 11:19 | Create | Villager (Male) |
| 11:23 | Build | Blacksmith |
| 11:31 | Build | Market |
| 11:57 | Build | Farm |
| 12:18 | Create | Villager (Male) |
| 12:52 | Research | Castle Age |
| 13:16 | Research | Double-Bit Axe |
| 13:17 | Research | Double-Bit Axe |
| 13:35 | Build | House |
| 13:41 | Research | Loom |
| 13:51 | Build | Farm |
| 13:53 | Build | Farm |
| 14:17 | Build | Farm |
| 14:21 | Research | Horse Collar |
| 14:41 | Build | Farm |
| 14:51 | Create | Villager (Male) |
| 14:51 | Create | Villager (Male) |
| 14:59 | Build | Farm |
| 15:35 | Age | Castle Age |
| 16:14 | Build | Castle |
| 16:22 | Build | House |
| 16:30 | Build | Palisade Gate |
| 16:33 | Build | Palisade Wall |
| 16:34 | Build | Palisade Wall |
| 16:36 | Build | Palisade Wall |
| 16:46 | Create | Villager (Male) |
| 16:47 | Create | Villager (Male) |
| 17:34 | Create | Villager (Male) |
| 17:34 | Create | Villager (Male) |
| 17:40 | Build | University |
| 17:44 | Build | Farm |
| 17:46 | Build | Farm |
| 17:47 | Build | Farm |
| 17:53 | Create | Petard |
| 17:53 | Create | Petard |
| 17:56 | Build | Mining Camp |
| 18:07 | Create | Villager (Male) |
| 18:19 | Build | Farm |
| 18:19 | Build | Farm |
| 18:31 | Create | Conquistador |
| 18:32 | Create | Conquistador |
| 18:57 | Create | Villager (Male) |
| 18:59 | Build | Farm |
| 19:03 | Create | Villager (Male) |
| 19:10 | Research | Gold Mining |
| 19:12 | Create | Conquistador |
| 19:40 | Build | Siege Workshop |
| 19:48 | Create | Conquistador |
| 19:50 | Create | Villager (Male) |
| 19:55 | Create | Villager (Male) |
| 20:08 | Create | Conquistador |
| 20:40 | Create | Mangonel |
| 20:50 | Create | Villager (Male) |
| 21:33 | Create | Conquistador |
| 21:34 | Create | Conquistador |
| 21:38 | Create | Villager (Male) |
| 21:39 | Create | Villager (Male) |
| 21:44 | Build | Town Center |
| 21:54 | Create | Conquistador |
| 23:09 | Create | Villager (Male) |
| 23:10 | Create | Villager (Male) |
| 23:23 | Create | Villager (Male) |
| 23:24 | Create | Villager (Male) |
| 23:27 | Build | Farm |
| 23:28 | Build | Farm |
| 23:28 | Build | Farm |
| 23:28 | Build | Farm |
| 23:29 | Build | Farm |
| 23:40 | Build | Farm |
| 23:58 | Create | Villager (Male) |
| 24:00 | Build | Farm |
| 24:06 | Research | Wheelbarrow |
| 24:18 | Research | Bow Saw |
| 24:22 | Research | Heavy Plow |
| 24:22 | Create | Villager (Male) |
| 24:23 | Create | Villager (Male) |
| 24:29 | Build | Farm |
| 24:31 | Create | Villager (Male) |
| 24:50 | Create | Petard |
| 24:50 | Create | Petard |
| 25:07 | Create | Villager (Male) |
| 25:07 | Create | Villager (Male) |
| 25:27 | Build | Barracks |
| 25:31 | Create | Villager (Male) |
| 25:32 | Create | Villager (Male) |
| 25:46 | Build | Lumber Camp |
| 25:47 | Create | Villager (Male) |
| 25:48 | Create | Villager (Male) |
| 26:02 | Research | Scale Barding Armor |
| 26:04 | Create | Villager (Male) |
| 26:04 | Create | Villager (Male) |
| 26:12 | Build | Stable |
| 26:37 | Create | Villager (Male) |
| 26:37 | Create | Villager (Male) |
| 26:39 | Build | Farm |
| 26:43 | Build | Farm |
| 26:44 | Build | Farm |
| 26:45 | Build | Mill |
| 26:53 | Build | House |
| 27:00 | Build | House |
| 27:01 | Build | House |
| 27:03 | Create | Villager (Male) |
| 27:18 | Research | Hand Cart |
| 27:34 | Build | Farm |
| 27:35 | Create | Villager (Male) |
| 28:02 | Research | Imperial Age |
| 28:22 | Create | Scout Cavalry |
| 28:25 | Build | Stable |
| 28:45 | Build | Siege Workshop |
| 28:54 | Create | Scout Cavalry ×5 |
| 29:06 | Create | Mangonel |
| 29:21 | Build | House |
| 29:33 | Research | Light Cavalry (upgrade) |
Match timeline
| 10:04 | Jonito · first_building Barracks |
| 10:59 | Karral · age_up feudal |
| 11:15 | Carri · age_up feudal |
| 11:25 | iaa4e · age_up feudal |
| 11:25 | Jonito · age_up feudal |
| 11:40 | Dr_Oetker02 · age_up feudal |
| 12:10 | Viejo inimputable · age_up feudal |
| 14:14 | Karral · first_building Barracks |
| 14:29 | Viejo inimputable · first_building Barracks |
| 15:35 | Carri · age_up castle |
| 15:45 | iaa4e · age_up castle |
| 16:01 | Viejo inimputable · age_up castle |
| 16:10 | Viejo inimputable · first_building Castle |
| 16:14 | Carri · first_building Castle |
| 16:21 | Karral · age_up castle |
| 16:33 | Carri · wall_segment Palisade Wall x1 |
| 16:34 | Carri · wall_segment Palisade Wall x1 |
| 16:36 | Carri · wall_segment Palisade Wall x1 |
| 17:04 | Karral · first_building Archery Range |
| 17:20 | Dr_Oetker02 · age_up castle |
| 18:09 | Dr_Oetker02 · wall_segment Stone Wall x7 |
| 18:09 | Viejo inimputable · first_building Siege Workshop |
| 18:21 | Dr_Oetker02 · first_building Siege Workshop |
| 18:57 | Karral · first_market_buy 100 food |
| 19:16 | Jonito · age_up castle |
| 19:20 | Dr_Oetker02 · first_market_sell 100 food |
| 19:40 | Carri · first_building Siege Workshop |
| 19:48 | Dr_Oetker02 · wall_segment Stone Wall x1 |
| 20:01 | Dr_Oetker02 · wall_segment Stone Wall x4 |
| 20:09 | Dr_Oetker02 · wall_segment Stone Wall x1 |
| 20:09 | Karral · first_building Monastery |
| 20:10 | Dr_Oetker02 · wall_segment Stone Wall x1 |
| 20:11 | Dr_Oetker02 · wall_segment Stone Wall x1 |
| 20:13 | Dr_Oetker02 · wall_segment Stone Wall x1 |
| 20:24 | Dr_Oetker02 · wall_segment Stone Wall x1 |
| 20:26 | Dr_Oetker02 · wall_segment Stone Wall x1 |
| 21:47 | Karral · first_building Castle |
| 21:57 | iaa4e · first_building Barracks |
| 22:35 | iaa4e · first_building Siege Workshop |
| 22:51 | iaa4e · first_building Archery Range |
| 24:50 | iaa4e · first_building Castle |
| 25:27 | Carri · first_building Barracks |
| 25:31 | Jonito · first_building Monastery |
| 25:43 | Carri · first_market_buy 100 wood |
| 26:03 | iaa4e · first_market_sell 500 wood |
| 26:10 | Dr_Oetker02 · wall_segment Stone Wall x8 |
| 26:12 | Carri · first_building Stable |
| 27:03 | Dr_Oetker02 · wall_segment Stone Wall x1 |
| 27:18 | iaa4e · first_market_buy 100 food |
| 27:32 | Dr_Oetker02 · first_market_buy 100 stone |
| 27:43 | Dr_Oetker02 · first_building Castle |
| 27:55 | Jonito · first_building Castle |
| 29:24 | Viejo inimputable · first_market_sell 100 stone |
| 29:35 | Viejo inimputable · first_market_buy 100 food |
| 30:52 | iaa4e · age_up imperial |
| 31:14 | Dr_Oetker02 · first_building Barracks |
| 31:15 | Viejo inimputable · first_building Archery Range |
| 31:23 | Carri · age_up imperial |
| 31:44 | Dr_Oetker02 · first_building Archery Range |
| 32:11 | Dr_Oetker02 · age_up imperial |
| 32:33 | Jonito · first_market_buy 100 food |
| 33:12 | Dr_Oetker02 · first_building Stable |
| 33:29 | Viejo inimputable · age_up imperial |
| 33:50 | Karral · first_building Siege Workshop |
| 35:44 | Karral · wall_segment Stone Wall x1 |
| 35:49 | Jonito · age_up imperial |
| 39:24 | Jonito · first_building Archery Range |
| 40:33 | Carri · resign |
[ AI ANALYSIS · 1 CREDIT ]
What really happened in this match?
Wolo.gg analyzes every decision: build order, eco, micro, common mistakes by bracket. Personalized analysis on WhatsApp or Discord in 30 seconds.
Civ guide
Persians
Map guide
Arena
Perfil
Jugador #1202037